 Dungeon Crawl Stone Soup version 0.30-a0-169-g06f667207d (webtiles) character file.

Game seed: 10144937519716774169

46525 qw the Severer (level 14, -5/91 (92) HPs)
             Began as a Gargoyle Fighter on Sept 30, 2022.
             Was an Elder of Okawaru.
             Slain by a sun demon (9 damage)
             ... summoned by an obsidian statue
             ... on level 5 of the Lair of Beasts.
             The game lasted 00:07:54 (16939 turns).

qw the Severer (Gargoyle Fighter)                  Turns: 16939, Time: 00:07:54

HP:   -5/91 (92)    AC: 40    Str: 24    XL:     14   Next: 37%
MP:   21/21         EV:  9    Int: 10    God:    Okawaru [****..]
Gold: 819           SH: 11    Dex:  9    Spells: 13/13 levels left

rFire   + . .      SeeInvis .    t - +2 broad axe (vamp)
rCold   + . .      Faith    .    c - +0 buckler
rNeg    + . .      Spirit   .    b - +0 plate armour
rPois   inf        Reflect  +    e - +2 helmet
rElec   +          Harm     .    n - scarf {rC+ rF+}
rCorr   .          Rampage  .    j - +0 pair of gloves
Will    ++...                    o - +2 pair of boots
Stlth   ..........               m - amulet of reflection
HPRegen 0.25/turn                f - +4 ring of protection
MPRegen 0.17/turn                u - ring of willpower

@: about to teleport, heroic, flying, lightly drained
A: sickness immunity, AC +10, big wings, negative energy resistance 1,
electricity resistance, torment resistance 1, petrification resistance, talons
1, subdued magic 1
a: Renounce Religion, Heroism, Finesse


You were on level 5 of the Lair of Beasts.
You worshipped Okawaru.
Okawaru was greatly pleased with you.
You visited 2 branches of the dungeon, and saw 15 of its levels.
You visited the Abyss 1 time.

You collected 1062 gold pieces.
You spent 243 gold pieces at shops.


Innate Abilities, Weirdness & Mutations

You are immune to sickness and miasma.
Your stone body is resilient. (AC +10)
You are immune to poison.
Your large and strong wings let you fly.
You resist negative energy. (rN+)
You are resistant to electric shocks. (rElec)
You are resistant to unholy torment.
You are immune to petrification.
You have sharp toenails.
Your spells are a little easier to cast, but a little less powerful.


   Skills:
 - Level 12.0(17.0) Fighting
 - Level 15.0(20.0) Axes
 - Level 5.0(10.0) Throwing
 - Level 11.0(16.0) Armour
 - Level 2.0(7.0) Dodging
 + Level 7.2(12.2) Shields
 - Level 10.0 Invocations


You had 13 spell levels left.
You didn't know any spells.
Your spell library was empty.

Inventory:

Hand Weapons
 l - the +11 hand axe "Soon" {vorpal, rPois rF+ rC+ Stlth+}
   (You found it on level 8 of the Dungeon)

   It inflicts extra damage upon your enemies.
   rF:        It protects you from fire.
   rC:        It protects you from cold.
   rPois:     It protects you from poison.
   Stlth:     It makes you more stealthy.
 r - the +6 hand axe "Rafuir" {speed, rC+++}
   (Okawaru gifted it to you on level 5 of the Lair of Beasts)

   Attacks with this weapon are significantly faster.
   rC:        It renders you almost immune to cold.
 t - a +2 vampiric broad axe (weapon)
 C - a +0 war axe of flaming
Missiles
 x - 2 boomerangs (quivered)
Armour
 b - a +0 plate armour (worn)
 c - a +0 buckler (worn)
 e - a +2 helmet (worn)
 j - a +0 pair of gloves (worn)
 n - a scarf of resistance (worn)
 o - a +2 pair of boots (worn)
 w - the +1 cloak of Light {rPois rN+ Str-3}
   (Okawaru gifted it to you on level 1 of the Lair of Beasts)

   Str:       It affects your strength (-3).
   rPois:     It protects you from poison.
   rN:        It protects you from negative energy.
 F - the +0 pair of gloves of Assoplos {Int+5}
   (You found it on level 5 of the Lair of Beasts)

   Int:       It affects your intelligence (+5).
Jewellery
 f - a +4 ring of protection (left hand)
 m - an amulet of reflection (around neck)
 u - a ring of willpower (right hand)
 y - a ring of ice
 z - a ring of protection from fire
 E - the ring "Qove" {rElec MP+9 Int+4 Dex+5}
   (You found it on level 5 of the Lair of Beasts)

   [ring of magical power]

   Int:       It affects your intelligence (+4).
   Dex:       It affects your dexterity (+5).
   rElec:     It insulates you from electricity.
   MP:        It affects your magic capacity (+9).
Scrolls
 g - 11 scrolls of identify
 p - 2 scrolls of brand weapon
 s - 3 scrolls of teleportation
 A - a scroll of vulnerability {unknown}
Potions
 a - 2 potions of magic
 d - 7 potions of might
 h - 2 potions of haste
 i - 3 potions of mutation
 k - 8 potions of curing
 q - a potion of lignification
 v - 2 potions of heal wounds
 D - a potion of berserk rage {unknown}

Dungeon Overview and Level Annotations

Branches:
Dungeon (10/15)            Temple (0/1) D:4            Lair (5/5) D:10
  Swamp (0/4) Lair:2       Spider (0/4) Lair:3        Slime (0/5) Lair:5
    Orc (0/2) D:9

Altars:
Hepliaklqana
Okawaru
Ru
Sif Muna
Vehumet
Wu Jian
Xom
Yredelemnul
The Shining One
Jiyva

Shops:
D:2 !   D:10 ?

Annotations:
D:4 3 runed translucent doors, qw's ghost, novice GrFi
D:10 5 transporters, 1 runed translucent door, qw's ghost, journeyman GrFi


Message History

The orange demon stings you but does no damage.
You block the quasit's attack. The quasit barely misses you.
The quasit claws you but does no damage.
You hit the quasit.
The quasit is almost dead.
You slash something! You block something's attack.
Deactivating autopickup; reactivate with Ctrl-A.
The orange demon stings you but does no damage.
The quasit bites you but does no damage.
You block the quasit's attack.
The quasit claws you but does no damage.
You slice the quasit!!
You kill the quasit!
The quasit disappears in a puff of smoke!
You closely miss something. Something hits you but does no damage.
You block the orange demon's attack. Something hits you but does no damage.
The obsidian statue's eyes glow briefly.
You block the orange demon's attack.
The orange demon hits you but does no damage.
You slice the orange demon!!
The orange demon is moderately wounded.
You closely miss something.
The iron imp disappears in a puff of smoke!
Something hits you but does no damage.
The obsidian statue's eyes glow briefly.
The obsidian statue attempts to bespell you!
You easily resist.
You slice the orange demon!!
The orange demon is almost dead.
You miss something.
The orange demon stings you but does no damage.
You block the orange demon's attack. Something hits you!
You are engulfed in flames.
You resist.
16939 ||| READING 4 scrolls of teleportation.
As you read the scroll of teleportation, it crumbles to dust.
You feel strangely unstable. Something hits you!
You are engulfed in flames!
You resist.
You die...

#...###77##PP...8# #.....#
###.#### #.....(# #.^...##
~~#....####.....8#######......#
~.####....#'##########......###
~.#8?####.#)# "##.......##
..).%...#...# +##......#.##
.##8....#..8# 7787#......##.#
######''#''####7745.#....#P####
#...#..#.##.@{5##...####
##.........((75######
###........77## ###..#.#77
######


You could see an obsidian statue, an orange demon (summoned), 2 quasits and an
ufetubus (summoned).

Vanquished Creatures
  A tentacled starspawn (Abyss:1)
  3 dire elephants (Lair:5)
  Josephine (D:10)
  Harold (Lair:1)
  4 hydras
  Erolcha (D:9)
  A boulder beetle (Lair:4)
  6 death yaks (Lair:3)
  4 skeletal warriors (D:10)
  A spectral anaconda (Lair:5)
  4 necromancers (Lair:5)
  5 elephants (Lair:5)
  6 cane toads
  3 torpor snails
  4 black mambas
  A gargoyle (D:9)
  3 dire elephant skeletons (Lair:5)
  4 rime drakes
  An unseen horror (D:10)
  12 komodo dragons
  A troll (D:9)
  2 polar bears
  Grinder (D:3)
  An ancient zyme (Abyss:1)
  2 dream sheep (Lair:3)
  21 blink frogs
  A spectral elephant (Lair:5)
  Sigmund (D:3)
  A vampire (D:6)
  A shadow (D:9)
  A centaur simulacrum (Abyss:1)
  6 wyverns
  A ynoxinul (D:9)
  29 yaks
  A dire elephant simulacrum (Lair:5)
  4 wraiths (D:10)
  A basilisk (Lair:3)
  3 spectral cane toads (Lair:5)
  An acid dragon (D:9)
  A small abomination (Abyss:1)
  12 water moccasins
  3 orc warriors
  2 ice beasts
  A sky beast (D:7)
  3 black bears
  2 ogres
  13 wolves
  An elephant skeleton (Lair:5)
  4 centaurs
  A phantom (D:6)
  3 kobold brigands
  2 necrophages (D:6)
  8 bullfrogs
  A gnoll sergeant (D:7)
  A scorpion (D:5)
  13 wights
  11 killer bees (D:10)
  2 elephant simulacra (Lair:5)
  6 howler monkeys
  2 hounds (D:5)
  2 jellies
  A gnoll bouda (D:8)
  2 orc priests
  4 iguanas
  Jessica (D:2)
  8 orc wizards
  A hound zombie (D:4)
  13 gnolls
  6 adders
  2 shadow imps (D:6)
  3 white imps (D:6)
  An adder zombie (D:4)
  2 worms
  5 dart slugs
  26 orcs
  7 bats
  4 endoplasms
  3 giant cockroaches
  8 goblins
  5 hobgoblins
  8 jackals
  3 quokkas
  8 ball pythons
  A frilled lizard (D:2)
  13 kobolds
  8 rats
  A starspawn tentacle (Abyss:1)
383 creatures vanquished.

Vanquished Creatures (others)
  28 fungi
  32 plants
  2 starspawn tentacles (Abyss:1)
  25 withered plants (Lair:5)
87 creatures vanquished.

Grand Total: 470 creatures vanquished

Notes
Turn   | Place    | Note
-------+----------+-------------------------------------------
     0 | D:1      | qw the Gargoyle Fighter began the quest for the Orb.
     0 | D:1      | Reached XP level 1. HP: 14/14 MP: 1/1
     0 | D:1      | 0 ||| qw: Version: 0.2-a-12-gaebbb33
     0 | D:1      | 0 ||| qw: Game counter: 1397
     0 | D:1      | 0 ||| qw: Always use a shield: true
     0 | D:1      | 0 ||| qw: God list: Okawaru
     0 | D:1      | 0 ||| qw: Allow faded altars: false
     0 | D:1      | 0 ||| qw: Do Orc after D:15 true
     0 | D:1      | 0 ||| qw: Do second Lair branch before Depths: true
     0 | D:1      | 0 ||| qw: Lair rune preference: random
     0 | D:1      | 0 ||| qw: Plans: Normal, Zot:1-4, God:TSO, Crypt, Tomb,
                  | Pan, Slime:5, Hells, Abyss, Orb
     0 | D:1      | 0 ||| PLANNING D:1-11
    94 | D:1      | Reached skill level 2 in Axes
   193 | D:1      | Reached XP level 2. HP: 19/19 MP: 2/2
   195 | D:1      | 195 ||| Stepping ~*~*~tactically~*~*~ (stealth).
   777 | D:1      | 777 ||| UPGRADING to +2 helmet.
   782 | D:1      | 782 ||| UPGRADING to +0 pair of boots.
   795 | D:2      | 795 ||| STAIRDANCE
   797 | D:2      | 797 ||| STAIRDANCE
   803 | D:1      | Reached skill level 3 in Axes
   882 | D:2      | Found Qemaunut's Distillery.
   908 | D:2      | Reached XP level 3. HP: 20/23 MP: 3/3
   944 | D:2      | 944 ||| BUYING potion of curing (42 gold).
   944 | D:2      | Bought a potion of curing for 42 gold pieces
   944 | D:2      | 944 ||| SHOPLISTING potion of heal wounds (70 gold, have
                  | 25).
   944 | D:2      | 944 ||| SHOPLISTING potion of mutation (112 gold, have 25).
   973 | D:2      | 973 ||| Stepping ~*~*~tactically~*~*~ (stealth).
   974 | D:2      | 974 ||| Stepping ~*~*~tactically~*~*~ (stealth).
   975 | D:2      | 975 ||| Stepping ~*~*~tactically~*~*~ (stealth).
   987 | D:2      | 987 ||| Stepping ~*~*~tactically~*~*~ (stealth).
  1013 | D:2      | Noticed Jessica
  1019 | D:2      | Killed Jessica
  1020 | D:2      | Reached XP level 4. HP: 28/28 MP: 4/4
  1241 | D:2      | Found a faded altar of an unknown god.
  1356 | D:2      | 1356 ||| DROPPING +2 robe of fire resistance.
  1357 | D:2      | 1357 ||| UPGRADING to +0 chain mail.
  1367 | D:2      | 1367 ||| DROPPING +0 scale mail.
  1368 | D:2      | 1368 ||| READING scroll labelled IMYAJA LEUX.
  1369 | D:2      | 1369 ||| READING scroll labelled NEVUBL PISUK.
  1370 | D:2      | 1370 ||| READING scroll labelled HIENWI DOCAM.
  1375 | D:2      | 1375 ||| DRINKING 2 white potions.
  1399 | D:3      | 1399 ||| STAIRDANCE
  1404 | D:3      | 1404 ||| STAIRDANCE
  1409 | D:3      | 1409 ||| STAIRDANCE
  1416 | D:3      | Reached skill level 4 in Axes
  1435 | D:3      | Found a sacrificial altar of Ru.
  1501 | D:3      | Noticed Grinder
  1503 | D:3      | Paralysed by Grinder for 3 turns
  1507 | D:3      | 1507 ||| Stepping ~*~*~tactically~*~*~ (hiding).
  1523 | D:3      | HP: 6/28 [Grinder (2)]
  1523 | D:3      | Paralysed by Grinder for 2 turns
  1525 | D:3      | 1525 ||| DRINKING 3 potions of heal wounds.
  1527 | D:3      | 1527 ||| Stepping ~*~*~tactically~*~*~ (hiding).
  1528 | D:3      | 1528 ||| Stepping ~*~*~tactically~*~*~ (hiding).
  1530 | D:3      | Paralysed by Grinder for 2 turns
  1535 | D:3      | 1535 ||| Stepping ~*~*~tactically~*~*~ (hiding).
  1536 | D:3      | 1536 ||| Stepping ~*~*~tactically~*~*~ (hiding).
  1537 | D:3      | 1537 ||| Stepping ~*~*~tactically~*~*~ (hiding).
  1544 | D:3      | Killed Grinder
  1545 | D:3      | Reached skill level 5 in Axes
  1545 | D:3      | Reached XP level 5. HP: 27/32 MP: 5/5
  1545 | D:3      | Reached XP level 6. HP: 31/37 MP: 6/6
  1703 | D:3      | Noticed Sigmund
  1704 | D:3      | 1704 ||| Stepping ~*~*~tactically~*~*~ (stealth).
  1707 | D:3      | 1707 ||| Stepping ~*~*~tactically~*~*~ (hiding).
  1720 | D:3      | Killed Sigmund
  1721 | D:3      | Reached XP level 7. HP: 38/44 MP: 7/7
  1769 | D:3      | Found an ornate altar of the Wu Jian Council.
  1832 | D:3      | 1832 ||| Stepping ~*~*~tactically~*~*~ (stealth).
  1854 | D:3      | Found an iron altar of Okawaru.
  1855 | D:3      | 1855 ||| PLANNING OKAWARU WORSHIP
  1855 | D:3      | 1855 ||| DROPPING +1 hat.
  1856 | D:3      | 1856 ||| UPGRADING to +1 pair of boots.
  1866 | D:3      | 1866 ||| DROPPING +0 pair of boots.
  1867 | D:3      | 1867 ||| UPGRADING to +0 pair of gloves.
  1872 | D:3      | 1872 ||| DROPPING amulet of faith.
  1880 | D:3      | Became a worshipper of Warmaster Okawaru
  1881 | D:3      | 1881 ||| PLANNING D:1-11
  1914 | D:3      | 1914 ||| Stepping ~*~*~tactically~*~*~ (stealth).
  1944 | D:3      | Reached skill level 6 in Axes
  1956 | D:3      | 1956 ||| Stepping ~*~*~tactically~*~*~ (hiding).
  1975 | D:3      | HP: 10/44 [gnoll/+2 spear of flaming (3)]
  1976 | D:3      | 1976 ||| DRINKING 2 potions of heal wounds.
  2128 | D:3      | Identified the +1 robe of the Special Places {-Cast Rampage
                  | rElec rN++}
  2135 | D:3      | Reached skill level 1 in Dodging
  2186 | D:3      | 2186 ||| DROPPING +0 whip.
  2406 | D:3      | 2406 ||| Stepping ~*~*~tactically~*~*~ (stealth).
  2558 | D:4      | Found a runed translucent gate.
  2559 | D:4      | Found a runed translucent gate.
  2559 | D:4      | Found a runed translucent gate.
  2565 | D:4      | Noticed qw's ghost (novice GrFi)
  2594 | D:4      | 2594 ||| Stepping ~*~*~tactically~*~*~ (stealth).
  2868 | D:4      | 2868 ||| Stepping ~*~*~tactically~*~*~ (stealth).
  2878 | D:4      | 2878 ||| Stepping ~*~*~tactically~*~*~ (stealth).
  2905 | D:4      | 2905 ||| DROPPING +0 flail.
  2909 | D:4      | Found a radiant altar of Vehumet.
  2986 | D:4      | Found a staircase to the Ecumenical Temple.
  3056 | D:4      | Reached skill level 7 in Axes
  3212 | D:4      | 3212 ||| Stepping ~*~*~tactically~*~*~ (stealth).
  3263 | D:4      | 3263 ||| Stepping ~*~*~tactically~*~*~ (stealth).
  3264 | D:4      | 3264 ||| Stepping ~*~*~tactically~*~*~ (stealth).
  3389 | D:4      | 3389 ||| DRINKING 2 potions of curing.
  3389 | D:4      | 3389 ||| (to cure confusion)
  3398 | D:4      | Reached XP level 8. HP: 43/49 MP: 8/8
  3525 | D:4      | Found a basalt altar of Yredelemnul.
  3592 | D:4      | 3592 ||| UPGRADING to amulet of reflection.
  3597 | D:4      | 3597 ||| READING scroll labelled ZETESK IHULAFA.
  3598 | D:4      | 3598 ||| READING scroll labelled UTENAHY EWEUDUUF.
  3599 | D:4      | 3599 ||| READING scroll labelled YNIKHL MATA.
  3600 | D:4      | 3600 ||| DRINKING 3 golden potions.
  3600 | D:4      | Gained mutation: You have sharp toenails. [potion of
                  | mutation]
  3600 | D:4      | Gained mutation: Your spells are a little easier to cast,
                  | but a little less powerful. [potion of mutation]
  3627 | D:5      | Entered Level 5 of the Dungeon
  3637 | D:5      | 3637 ||| STAIRDANCE
  4001 | D:5      | 4001 ||| Stepping ~*~*~tactically~*~*~ (hiding).
  4015 | D:5      | 4015 ||| Stepping ~*~*~tactically~*~*~ (hiding).
  4064 | D:5      | Reached * piety under Okawaru
  4070 | D:5      | Reached skill level 8 in Axes
  4070 | D:5      | Reached skill level 1 in Invocations
  4244 | D:5      | 4244 ||| Stepping ~*~*~tactically~*~*~ (stealth).
  4334 | D:5      | 4334 ||| Stepping ~*~*~tactically~*~*~ (stealth).
  4636 | D:5      | 4636 ||| READING scroll labelled IFAYCO DOJA.
  4637 | D:5      | 4637 ||| READING scroll labelled KAL XEDYNYFIQA.
  4637 | D:5      | Identified a scroll of acquirement
  4637 | D:5      | 4637 ||| ACQUIRING +4 ring of protection
  4637 | D:5      | Acquired a +4 ring of protection
  4639 | D:5      | 4639 ||| UPGRADING to +4 ring of protection.
  4640 | D:5      | 4640 ||| READING scroll labelled FEPU QAOGRUI.
  4641 | D:5      | 4641 ||| READING scroll labelled ZUSIOSHOHEM.
  4703 | D:5      | 4703 ||| DRINKING 2 glowing amethyst potions.
  4704 | D:5      | 4704 ||| DROPPING potion of degeneration.
  4855 | D:6      | Reached skill level 1 in Throwing
  4906 | D:6      | 4906 ||| Stepping ~*~*~tactically~*~*~ (hiding).
  4912 | D:6      | Reached skill level 3 in Invocations
  4951 | D:6      | 4951 ||| INVOKING Heroism.
  4961 | D:6      | Noticed a vampire
  4969 | D:6      | Reached skill level 6 in Fighting
  4969 | D:6      | Reached ** piety under Okawaru
  4970 | D:6      | Reached XP level 9. HP: 51/55 MP: 10/12
  4973 | D:6      | 4973 ||| INVOKING Heroism.
  5172 | D:6      | Reached skill level 9 in Axes
  5251 | D:6      | Found a glowing golden altar of the Shining One.
  5493 | D:6      | 5493 ||| INVOKING Heroism.
  5789 | D:6      | 5789 ||| UPGRADING to ring of willpower.
  5790 | D:6      | 5790 ||| READING scroll labelled UWEURI FUAFAWI TUO.
  5791 | D:6      | 5791 ||| DRINKING 2 glowing cyan potions.
  5792 | D:6      | 5792 ||| READING 3 scrolls of identify.
  5792 | D:6      | 5792 ||| IDENTIFYING murky golden potion
  5793 | D:6      | 5793 ||| DROPPING potion of ambrosia.
  5853 | D:7      | 5853 ||| INVOKING Heroism.
  5888 | D:7      | 5888 ||| INVOKING Heroism.
  5959 | D:7      | 5959 ||| INVOKING Heroism.
  5991 | D:7      | Found a shimmering blue altar of Sif Muna.
  6227 | D:7      | 6227 ||| READING scroll of acquirement.
  6227 | D:7      | 6227 ||| ACQUIRING +0 broad axe of draining
  6227 | D:7      | Acquired a +0 broad axe of draining
  6229 | D:7      | 6229 ||| SWAPPING to +0 broad axe of draining.
  6230 | D:7      | 6230 ||| DROPPING +1 war axe.
  6263 | D:7      | 6263 ||| INVOKING Heroism.
  6501 | D:7      | 6501 ||| READING scroll labelled CODYSI BEIPLOAL.
  6502 | D:7      | 6502 ||| READING 3 scrolls of identify.
  6502 | D:7      | 6502 ||| IDENTIFYING sapphire potion
  6700 | D:8      | 6700 ||| INVOKING Heroism.
  6792 | D:8      | 6792 ||| READING scroll of enchant weapon.
  6792 | D:8      | 6792 ||| ENCHANTING +0 broad axe of draining.
  6874 | D:8      | 6874 ||| INVOKING Heroism.
  6990 | D:8      | 6990 ||| DROPPING +0 morningstar.
  7004 | D:8      | Reached XP level 10. HP: 55/63 MP: 13/13
  7109 | D:8      | 7109 ||| FLEEEEING.
  7110 | D:8      | 7110 ||| FLEEEEING.
  7113 | D:8      | 7113 ||| FLEEEEING.
  7114 | D:8      | 7114 ||| FLEEEEING.
  7115 | D:8      | 7115 ||| FLEEEEING.
  7116 | D:8      | 7116 ||| FLEEEEING.
  7121 | D:8      | 7121 ||| FLEEEEING.
  7122 | D:8      | 7122 ||| FLEEEEING.
  7123 | D:8      | 7123 ||| FLEEEEING.
  7124 | D:8      | 7124 ||| FLEEEEING.
  7125 | D:8      | 7125 ||| FLEEEEING.
  7126 | D:8      | 7126 ||| FLEEEEING.
  7127 | D:8      | 7127 ||| FLEEEEING.
  7128 | D:8      | 7128 ||| FLEEEEING.
  7134 | D:8      | 7134 ||| FLEEEEING.
  7140 | D:8      | 7140 ||| FLEEEEING.
  7149 | D:8      | 7149 ||| INVOKING Heroism.
  7155 | D:8      | Reached skill level 10 in Axes
  7246 | D:8      | Identified the +11 hand axe "Soon" {vorpal, rPois rF+ rC+
                  | Stlth+}
  7324 | D:8      | Found a hazy altar of Hepliaklqana.
  7478 | D:8      | 7478 ||| UPGRADING to +2 pair of boots.
  7488 | D:8      | 7488 ||| DROPPING +1 pair of boots.
  7489 | D:8      | 7489 ||| READING scroll labelled VOCHEI SAYXE.
  7522 | D:9      | 7522 ||| INVOKING Heroism.
  7527 | D:9      | Reached *** piety under Okawaru
  7528 | D:9      | Reached skill level 6 in Armour
  7596 | D:9      | 7596 ||| INVOKING Heroism.
  7720 | D:9      | Noticed Erolcha
  7721 | D:9      | 7721 ||| Stepping ~*~*~tactically~*~*~ (hiding).
  7723 | D:9      | 7723 ||| Stepping ~*~*~tactically~*~*~ (hiding).
  7724 | D:9      | 7724 ||| Stepping ~*~*~tactically~*~*~ (hiding).
  7725 | D:9      | 7725 ||| INVOKING Heroism.
  7727 | Abyss:1  | Cast into level 1 of the Abyss (Erolcha)
  7728 | Abyss:1  | 7728 ||| READING scroll labelled BEROIF YHIH.
  7779 | Abyss:1  | 7779 ||| INVOKING Heroism.
  7807 | Abyss:1  | 7807 ||| INVOKING Heroism.
  7810 | Abyss:1  | Noticed a tentacled starspawn
  7816 | Abyss:1  | Reached **** piety under Okawaru
  7821 | Abyss:1  | Killed a tentacled starspawn
  7822 | Abyss:1  | Reached skill level 11 in Axes
  7824 | D:9      | Escaped the Abyss
  7827 | D:9      | Reached XP level 11. HP: 39/69 MP: 13/15
  7844 | D:9      | Killed Erolcha
  7845 | D:9      | Reached skill level 6 in Invocations
  8113 | D:9      | 8113 ||| Stepping ~*~*~tactically~*~*~ (stealth).
  8118 | D:9      | 8118 ||| INVOKING Heroism.
  8120 | D:9      | 8120 ||| Stepping ~*~*~tactically~*~*~ (stealth).
  8122 | D:9      | 8122 ||| Stepping ~*~*~tactically~*~*~ (stealth).
  8138 | D:9      | Found a staircase to the Orcish Mines.
  8158 | D:9      | 8158 ||| INVOKING Heroism.
  8184 | D:9      | 8184 ||| Stepping ~*~*~tactically~*~*~ (stealth).
  8447 | D:9      | 8447 ||| Stepping ~*~*~tactically~*~*~ (stealth).
  8453 | D:9      | 8453 ||| Stepping ~*~*~tactically~*~*~ (stealth).
  8464 | D:9      | 8464 ||| FLEEEEING.
  8465 | D:9      | 8465 ||| FLEEEEING.
  8466 | D:9      | 8466 ||| FLEEEEING.
  8474 | D:9      | 8474 ||| STAIRDANCE
  8506 | D:8      | 8506 ||| UPGRADING to +0 plate armour.
  8516 | D:8      | 8516 ||| DROPPING +0 chain mail.
  8517 | D:8      | 8517 ||| UPGRADING to ring of protection from fire.
  8519 | D:8      | 8519 ||| READING scroll labelled MOKORA KIQITH.
  8540 | D:9      | 8540 ||| Stepping ~*~*~tactically~*~*~ (stealth).
  8684 | D:9      | Reached ***** piety under Okawaru
  8789 | D:9      | 8789 ||| Stepping ~*~*~tactically~*~*~ (stealth).
  8900 | D:9      | Noticed a six-headed hydra
  8901 | D:9      | 8901 ||| INVOKING Heroism.
  8902 | D:9      | 8902 ||| INVOKING Finesse.
  8904 | D:9      | 8904 ||| SWAPPING to +3 morningstar of freezing.
  8910 | D:9      | Killed a six-headed hydra
  8911 | D:9      | 8911 ||| SWAPPING to +1 vampiric broad axe.
  8969 | D:9      | 8969 ||| Stepping ~*~*~tactically~*~*~ (stealth).
  8975 | D:9      | 8975 ||| INVOKING Heroism.
  9020 | D:10     | Entered Level 10 of the Dungeon
  9143 | D:10     | Noticed Josephine
  9144 | D:10     | 9144 ||| Stepping ~*~*~tactically~*~*~ (stealth).
  9146 | D:10     | 9146 ||| Stepping ~*~*~tactically~*~*~ (stealth).
  9151 | D:10     | 9151 ||| Stepping ~*~*~tactically~*~*~ (stealth).
  9165 | D:10     | Killed Josephine
  9168 | D:10     | 9168 ||| INVOKING Heroism.
  9184 | D:10     | Reached skill level 9 in Fighting
  9229 | D:10     | 9229 ||| Stepping ~*~*~tactically~*~*~ (stealth).
  9230 | D:10     | Noticed a skeletal warrior
  9230 | D:10     | Noticed a skeletal warrior
  9230 | D:10     | Noticed a skeletal warrior
  9231 | D:10     | 9231 ||| INVOKING Heroism.
  9231 | D:10     | Noticed a skeletal warrior
  9232 | D:10     | 9232 ||| Stepping ~*~*~tactically~*~*~ (stealth).
  9241 | D:10     | Noticed a skeletal warrior
  9242 | D:10     | 9242 ||| Stepping ~*~*~tactically~*~*~ (hiding).
  9250 | D:10     | HP: 16/71 [skeletal warrior/+0 halberd (12)]
  9251 | D:10     | 9251 ||| READING 3 scrolls of teleportation.
  9252 | D:10     | 9252 ||| DRINKING 2 potions of heal wounds.
  9253 | D:10     | Killed a skeletal warrior
  9254 | D:10     | Reached skill level 9 in Invocations
  9255 | D:10     | 9255 ||| DRINKING potion of heal wounds.
  9255 | D:10     | HP: 8/71 [skeletal warrior/+0 battleaxe (19)]
  9558 | D:10     | 9558 ||| INVOKING Heroism.
  9628 | D:10     | 9628 ||| FLEEEEING.
  9629 | D:10     | 9629 ||| FLEEEEING.
  9630 | D:10     | 9630 ||| STAIRDANCE
  9786 | D:10     | 9786 ||| Stepping ~*~*~tactically~*~*~ (stealth).
  9789 | D:10     | 9789 ||| Stepping ~*~*~tactically~*~*~ (stealth).
  9790 | D:10     | 9790 ||| INVOKING Heroism.
  9806 | D:10     | Killed a skeletal warrior
  9987 | D:10     | Found a transporter.
  9989 | D:10     | Noticed a centaur warrior
  9990 | D:10     | Noticed a deep elf pyromancer
  9991 | D:10     | Noticed a deep elf pyromancer
  9991 | D:10     | Noticed a manticore
  9992 | D:10     | Found a transporter.
  9992 | D:10     | Noticed a boulder beetle
  9993 | D:10     | Noticed a wizard
 10065 | D:10     | Found the necklace of Bloodlust {*Rage Will++ Int-3 Slay+6}
 10069 | D:10     | Found a transporter.
 10071 | D:10     | Found a transporter.
 10096 | D:10     | Found a transporter.
 10253 | D:10     | Reached XP level 12. HP: 76/76 MP: 19/19
 10325 | D:10     | Noticed a five-headed hydra
 10326 | D:10     | 10326 ||| INVOKING Heroism.
 10327 | D:10     | 10327 ||| INVOKING Finesse.
 10328 | D:10     | 10328 ||| Stepping ~*~*~tactically~*~*~ (stealth).
 10330 | D:10     | 10330 ||| SWAPPING to +3 morningstar of freezing.
 10334 | D:10     | Killed a five-headed hydra
 10335 | D:10     | 10335 ||| SWAPPING to +1 vampiric broad axe.
 10354 | D:10     | 10354 ||| Stepping ~*~*~tactically~*~*~ (stealth).
 10399 | D:10     | 10399 ||| INVOKING Heroism.
 10411 | D:10     | Reached skill level 12 in Axes
 10608 | D:10     | Found a runed translucent door.
 10608 | D:10     | Found a shimmering altar of Xom.
 10608 | D:10     | Noticed qw's ghost (journeyman GrFi)
 10612 | D:10     | Found Ecif Ire's Magic Scroll Boutique.
 10616 | D:10     | 10616 ||| BUYING scroll of brand weapon (123 gold).
 10616 | D:10     | Bought a scroll of brand weapon for 123 gold pieces
 10616 | D:10     | 10616 ||| BUYING scroll of identify (26 gold).
 10616 | D:10     | Bought a scroll of identify for 26 gold pieces
 10616 | D:10     | 10616 ||| BUYING scroll of identify (26 gold).
 10616 | D:10     | Bought a scroll of identify for 26 gold pieces
 10616 | D:10     | 10616 ||| BUYING scroll of identify (26 gold).
 10616 | D:10     | Bought a scroll of identify for 26 gold pieces
 10627 | D:10     | 10627 ||| Stepping ~*~*~tactically~*~*~ (stealth).
 10631 | D:10     | 10631 ||| INVOKING Heroism.
 10813 | D:10     | Found a staircase to the Lair.
 10861 | D:10     | 10861 ||| PLANNING LAIR
 10861 | D:10     | 10861 ||| UPGRADING to scarf of resistance.
 10866 | D:10     | 10866 ||| UPGRADING to ring of willpower.
 10887 | Lair:1   | Entered Level 1 of the Lair of Beasts
 10926 | Lair:1   | Identified the +6 sling of Insomnia {venom, rF+}
 11020 | Lair:1   | 11020 ||| INVOKING Heroism.
 11045 | Lair:1   | Identified the +1 cloak of Light {rPois rN+ Str-3} (Okawaru
                  | gifted it to you on level 1 of the Lair of Beasts)
 11045 | Lair:1   | Received a gift from Okawaru
 11046 | Lair:1   | Reached skill level 9 in Armour
 11074 | Lair:1   | 11074 ||| INVOKING Heroism.
 11141 | Lair:1   | 11141 ||| INVOKING Heroism.
 11232 | Lair:1   | 11232 ||| INVOKING Heroism.
 11238 | Lair:1   | Reached skill level 6 in Shields
 11503 | Lair:1   | Noticed Harold
 11504 | Lair:1   | 11504 ||| INVOKING Heroism.
 11516 | Lair:1   | Killed Harold
 12016 | Lair:1   | 12016 ||| READING 13 scrolls of identify.
 12016 | Lair:1   | 12016 ||| IDENTIFYING amethyst potion
 12017 | Lair:1   | 12017 ||| DROPPING potion of brilliance.
 12035 | Lair:2   | Found a shimmering altar of Xom.
 12152 | Lair:2   | 12152 ||| Stepping ~*~*~tactically~*~*~ (hiding).
 12245 | Lair:2   | 12245 ||| INVOKING Heroism.
 12280 | Lair:2   | 12280 ||| INVOKING Heroism.
 12326 | Lair:2   | 12326 ||| Stepping ~*~*~tactically~*~*~ (stealth).
 12327 | Lair:2   | 12327 ||| INVOKING Heroism.
 12404 | Lair:2   | 12404 ||| INVOKING Heroism.
 12498 | Lair:2   | Noticed a four-headed hydra
 12499 | Lair:2   | 12499 ||| Stepping ~*~*~tactically~*~*~ (stealth).
 12501 | Lair:2   | 12501 ||| INVOKING Heroism.
 12502 | Lair:2   | 12502 ||| INVOKING Finesse.
 12507 | Lair:2   | 12507 ||| SWAPPING to +3 morningstar of freezing.
 12512 | Lair:2   | 12512 ||| Stepping ~*~*~tactically~*~*~ (outnumbered).
 12514 | Lair:2   | 12514 ||| Stepping ~*~*~tactically~*~*~ (outnumbered).
 12519 | Lair:2   | Reached skill level 13 in Axes
 12520 | Lair:2   | Killed a four-headed hydra
 12521 | Lair:2   | 12521 ||| SWAPPING to +1 vampiric broad axe.
 12557 | Lair:2   | Found a staircase to the Swamp.
 12955 | Lair:2   | 12955 ||| READING scroll labelled ETRALI LIOGUMEE.
 12956 | Lair:2   | 12956 ||| READING 12 scrolls of identify.
 12956 | Lair:2   | 12956 ||| IDENTIFYING pink potion
 12957 | Lair:2   | 12957 ||| DROPPING potion of flight.
 13027 | Lair:3   | Reached XP level 13. HP: 74/82 MP: 20/20
 13089 | Lair:3   | 13089 ||| INVOKING Heroism.
 13090 | Lair:3   | 13090 ||| INVOKING Finesse.
 13115 | Lair:3   | Identified the +6 executioner's axe "Juhack" {flame, rPois
                  | rC+ Str+4} (Okawaru gifted it to you on level 3 of the Lair
                  | of Beasts)
 13115 | Lair:3   | Received a gift from Okawaru
 13205 | Lair:3   | 13205 ||| Stepping ~*~*~tactically~*~*~ (stealth).
 13207 | Lair:3   | 13207 ||| INVOKING Heroism.
 13221 | Lair:3   | Reached skill level 14 in Axes
 13278 | Lair:3   | 13278 ||| INVOKING Heroism.
 13418 | Lair:3   | 13418 ||| INVOKING Heroism.
 13444 | Lair:3   | Found a hole to the Spider Nest.
 13517 | Lair:3   | 13517 ||| READING scroll of enchant weapon.
 13517 | Lair:3   | 13517 ||| ENCHANTING +1 vampiric broad axe.
 13995 | Lair:3   | 13995 ||| DROPPING amulet of magic regeneration.
 14009 | Lair:4   | 14009 ||| INVOKING Heroism.
 14012 | Lair:4   | 14012 ||| STAIRDANCE
 14023 | Lair:4   | 14023 ||| STAIRDANCE
 14025 | Lair:3   | 14025 ||| INVOKING Heroism.
 14064 | Lair:4   | 14064 ||| INVOKING Finesse.
 14077 | Lair:4   | 14077 ||| INVOKING Heroism.
 14116 | Lair:4   | Identified the +11 flail "Idulliapei" {vorpal, rF+ Int+4
                  | SInv}
 14120 | Lair:4   | 14120 ||| INVOKING Heroism.
 14152 | Lair:4   | 14152 ||| Stepping ~*~*~tactically~*~*~ (stealth).
 14153 | Lair:4   | 14153 ||| Stepping ~*~*~tactically~*~*~ (stealth).
 14185 | Lair:4   | 14185 ||| Stepping ~*~*~tactically~*~*~ (stealth).
 14186 | Lair:4   | 14186 ||| Stepping ~*~*~tactically~*~*~ (stealth).
 14231 | Lair:4   | 14231 ||| Stepping ~*~*~tactically~*~*~ (stealth).
 14235 | Lair:4   | 14235 ||| INVOKING Heroism.
 14236 | Lair:4   | 14236 ||| Stepping ~*~*~tactically~*~*~ (stealth).
 14237 | Lair:4   | 14237 ||| Stepping ~*~*~tactically~*~*~ (stealth).
 14240 | Lair:4   | 14240 ||| Stepping ~*~*~tactically~*~*~ (stealth).
 14260 | Lair:4   | Received a gift from Okawaru
 14303 | Lair:4   | 14303 ||| INVOKING Heroism.
 14304 | Lair:4   | 14304 ||| INVOKING Finesse.
 14306 | Lair:4   | 14306 ||| SWAPPING to +3 morningstar of freezing.
 14308 | Lair:4   | 14308 ||| Stepping ~*~*~tactically~*~*~ (outnumbered).
 14314 | Lair:4   | 14314 ||| SWAPPING to +2 vampiric broad axe.
 14652 | Lair:4   | 14652 ||| DROPPING +3 morningstar of freezing.
 14653 | Lair:4   | 14653 ||| DROPPING +11 flail "Idulliapei" {vorpal, rF+
                  | Int+4 SInv}.
 14817 | Lair:5   | Entered Level 5 of the Lair of Beasts
 14818 | Lair:5   | 14818 ||| INVOKING Heroism.
 14846 | Lair:5   | Found a viscous altar of Jiyva.
 14847 | Lair:5   | Found a staircase to the Slime Pits.
 14904 | Lair:5   | 14904 ||| INVOKING Heroism.
 14937 | Lair:5   | 14937 ||| Stepping ~*~*~tactically~*~*~ (stealth).
 14974 | Lair:5   | 14974 ||| Stepping ~*~*~tactically~*~*~ (stealth).
 14976 | Lair:5   | 14976 ||| Stepping ~*~*~tactically~*~*~ (stealth).
 14977 | Lair:5   | 14977 ||| INVOKING Heroism.
 15133 | Lair:5   | 15133 ||| Stepping ~*~*~tactically~*~*~ (stealth).
 15134 | Lair:5   | 15134 ||| Stepping ~*~*~tactically~*~*~ (stealth).
 15146 | Lair:5   | 15146 ||| INVOKING Heroism.
 15153 | Lair:5   | Reached skill level 15 in Axes
 15163 | Lair:5   | 15163 ||| Stepping ~*~*~tactically~*~*~ (stealth).
 15164 | Lair:5   | 15164 ||| Stepping ~*~*~tactically~*~*~ (stealth).
 15188 | Lair:5   | Identified the +6 hand axe "Rafuir" {speed, rC+++} (Okawaru
                  | gifted it to you on level 5 of the Lair of Beasts)
 15188 | Lair:5   | Received a gift from Okawaru
 15203 | Lair:5   | 15203 ||| INVOKING Heroism.
 15303 | Lair:5   | Reached skill level 3 in Throwing
 15303 | Lair:5   | Gained mutation: Your large and strong wings let you fly.
                  | [Gargoyle growth]
 15303 | Lair:5   | Reached XP level 14. HP: 90/90 MP: 21/21
 15596 | Lair:5   | Noticed a dire elephant
 15596 | Lair:5   | Noticed a dire elephant
 15596 | Lair:5   | Noticed a dire elephant
 15627 | Lair:5   | 15627 ||| INVOKING Heroism.
 15742 | Lair:5   | 15742 ||| INVOKING Heroism.
 15753 | Lair:5   | 15753 ||| Stepping ~*~*~tactically~*~*~ (hiding).
 15761 | Lair:5   | Killed a dire elephant
 15769 | Lair:5   | Killed a dire elephant
 15779 | Lair:5   | Killed a dire elephant
 15864 | Lair:5   | Identified the ring "Qove" {rElec MP+9 Int+4 Dex+5}
 15949 | Lair:5   | 15949 ||| INVOKING Heroism.
 15950 | Lair:5   | 15950 ||| INVOKING Finesse.
 15951 | Lair:5   | 15951 ||| Stepping ~*~*~tactically~*~*~ (hiding).
 16007 | Lair:5   | 16007 ||| INVOKING Heroism.
 16009 | Lair:5   | 16009 ||| READING 5 scrolls of teleportation.
 16244 | Lair:5   | 16244 ||| Stepping ~*~*~tactically~*~*~ (stealth).
 16374 | Lair:5   | 16374 ||| Stepping ~*~*~tactically~*~*~ (hiding).
 16379 | Lair:5   | 16379 ||| INVOKING Heroism.
 16381 | Lair:5   | Received a gift from Okawaru
 16404 | Lair:5   | Reached skill level 12 in Fighting
 16415 | Lair:5   | Identified the +5 halberd of Piull {pain, Fly Dex+2}
 16448 | Lair:5   | Identified the +0 pair of gloves of Assoplos {Int+5}
 16570 | Lair:5   | 16570 ||| INVOKING Heroism.
 16571 | Lair:5   | 16571 ||| INVOKING Finesse.
 16572 | Lair:5   | 16572 ||| Stepping ~*~*~tactically~*~*~ (hiding).
 16653 | Lair:5   | 16653 ||| Stepping ~*~*~tactically~*~*~ (hiding).
 16656 | Lair:5   | 16656 ||| INVOKING Heroism.
 16657 | Lair:5   | 16657 ||| INVOKING Finesse.
 16660 | Lair:5   | 16660 ||| Stepping ~*~*~tactically~*~*~ (hiding).
 16685 | Lair:5   | 16685 ||| Stepping ~*~*~tactically~*~*~ (hiding).
 16825 | Lair:5   | 16825 ||| INVOKING Heroism.
 16826 | Lair:5   | 16826 ||| Stepping ~*~*~tactically~*~*~ (hiding).
 16866 | Lair:5   | 16866 ||| INVOKING Heroism.
 16894 | Lair:5   | 16894 ||| INVOKING Heroism.
 16938 | Lair:5   | HP: 19/91 [something (8)]
 16939 | Lair:5   | 16939 ||| READING 4 scrolls of teleportation.
 16939 | Lair:5   | HP: 4/91 [something (10)]
 16939 | Lair:5   | Slain by a sun demon

Levels and vault maps discovered:
D:1:      tarquinn_simple_flora_water_c, layout_basic
D:2:      layout_rooms, serial_shops, nicolae_shop_trees,
          shapermc_ecumenical_altar_starsandcircs, uniq_jessica
D:3:      layout_basic, nicolae_ru_sacrificial_ziggurat,
          okawaru_altar_gauntlet_db, nicolae_wu_jian_wuxing_cycle, uniq_sigmund,
          uniq_grinder
D:4:      layout_loops_corners, vehumet_crystals,
          lemuel_zombie_altar_yredelemnul, minmay_temple_entry_fiery,
          gammafunk_ghost_necromancy
D:5:      nicolae_cairo_tiling_very_big, layout_loops_ring, minivault_24,
          st_stairs_12
D:6:      cheibrodos_barr_body, layout_basic, tso_oasis_becter,
          roderic_roman_lattice
D:7:      layout_basic, nicolae_sif_muna_condensation
D:8:      layout_cave_pods, tgw_xom, worldfamousw_hep_ancestral_shrine
D:9:      layout_irregular_city, david_orc_2, serial_column_ruins,
          column_ruins_grid_1, column_ruins_open_small_water,
          column_ruins_open_small, column_ruins_columns_dead_end,
          column_ruins_grid_4, evilmike_minifort, uniq_erolcha
D:10:     gammafunk_the_bubble [the_bubble_gammafunk_roulette],
          layout_loops_ring, grunt_lair_entry_orc_guard_hut, serial_shops, shop,
          ebering_ghost_xom, nrook_loot_triangle, uniq_josephine
Lair:1:   layout_cave_pods, uniq_harold
Lair:2:   layout_regular_city, minmay_swamp_entry_reptiles, basic_altar
Lair:3:   layout_cave_pods, spider_nest_entry_web_field, serial_bayou_pond_d
Lair:4:   layout_gridlike
Lair:5:   due_jungle_book, layout_cave_pods, dpeg_slime_entry_corner,
          lemuel_fruit_tree

Skill      XL: |  1  2  3  4  5  6  7  8  9 10 11 12 13 14 |
---------------+-------------------------------------------+-----
Axes           | 2 3 5 7 8 9 11 13 15 | 15.0
Fighting       | 5 6 7 8 9 10 11 12 | 12.0
Dodging        | 1 2 |  2.0
Armour         | 4 5 6 8 10 11 | 11.0
Invocations    | 4 5 9 10 | 10.0
Throwing       | 1 2 3 5 |  5.0
Shields        | 4 5 6 7 |  7.2

Action                   |  1- 3 |  4- 6 |  7- 9 | 10-12 | 13-15 || total
-------------------------+-------+-------+-------+-------+-------++-------
Melee: War axe           |    72 |    84 |   327 |       |       ||   483
       Broad axe         |       |       |    29 |   534 |   696 ||  1259
       Morningstar       |       |       |       |    20 |     5 ||    25
Throw: Boomerang         |       |       |    38 |    16 |    77 ||   131
       Javelin           |       |       |       |       |    16 ||    16
Invok: Heroism           |       |       |     9 |    27 |    25 ||    61
       Finesse           |       |       |       |     3 |     6 ||     9
  Use: Scroll            |       |     3 |    13 |     7 |     3 ||    26
       Potion            |       |     2 |     5 |     2 |       ||     9
Armor: Scale mail        |    45 |    28 |       |       |       ||    73
       Chain mail        |       |    25 |   202 |    58 |       ||   285
       Plate armour      |       |       |       |   281 |   298 ||   579
Dodge: Dodged            |    39 |    25 |   110 |   129 |   143 ||   446
Block: Buckler           |     8 |    15 |   126 |   241 |   266 ||   656
       Reflection        |       |       |     2 |    13 |     1 ||    16

Table legend:
 A = Non-vault XP
 B = Vault XP
 C = Vault XP percentage of total XP
 D = Non-vault monster count
 E = Vault monster count
 F = Vault count percentage of total count
                 A         B        C        D         E       F
            +---------+---------+-------+---------+---------+-------
      Total |   45972 |   20493 |  30.8 |     307 |      75 |  19.6
            +---------+---------+-------+---------+---------+-------
        D:1 |      29 |       0 |   0.0 |      16 |       0 |   0.0
        D:2 |      31 |      37 |  54.4 |      18 |       1 |   5.3
        D:3 |     132 |     547 |  80.6 |      24 |       8 |  25.0
        D:4 |     467 |      26 |   5.3 |      31 |       2 |   6.1
        D:5 |     611 |      14 |   2.2 |      15 |       1 |   6.2
        D:6 |     553 |     771 |  58.2 |      11 |      11 |  50.0
        D:7 |     891 |       0 |   0.0 |      16 |       0 |   0.0
        D:8 |     950 |       0 |   0.0 |      17 |       0 |   0.0
        D:9 |    2323 |    2886 |  55.4 |      19 |      11 |  36.7
       D:10 |    5441 |    2624 |  32.5 |      23 |      10 |  30.3
     Lair:1 |    3215 |     865 |  21.2 |      11 |       1 |   8.3
     Lair:2 |    4615 |    1188 |  20.5 |      17 |       4 |  19.0
     Lair:3 |   10706 |       0 |   0.0 |      32 |       0 |   0.0
     Lair:4 |    5868 |       0 |   0.0 |      20 |       0 |   0.0
     Lair:5 |    7250 |   11535 |  61.4 |      30 |      26 |  46.4
    Abyss:1 |    2890 |       0 |   0.0 |       7 |       0 |   0.0
            +---------+---------+-------+---------+---------+-------
